 Dungeon Crawl Stone Soup version 0.18-a0-1040-g4865665 (console) character file.

350 FIQ the Spear-Bearer (level 6, -1/44 HPs)
             Began as a Merfolk Gladiator on Jan 10, 2016.
             Killed from afar by a raiju (20 damage)
             ... with a living lightning
             ... on level 1 of the Abyss.
             The game lasted 00:07:54 (2770 turns).

FIQ the Spear-Bearer (Merfolk Gladiator)            Turns: 2770, Time: 00:07:54

Health: -1/44      AC:  5    Str: 15    XL:     6   Next: 61%
Magic:  6/6        EV: 14    Int:  8    God:
Gold:   100        SH:  0    Dex: 16    Spells: 0 memorised, 5 levels left

rFire  . . .     SeeInvis .     a - +0 trident
rCold  . . .     Gourm    .     b - +0 leather armour
rNeg   + . .     Faith    .     (no shield)
rPois  .         Spirit   .     s - +1 helmet
rElec  .         Dismiss  .     (no cloak)
rCorr  .         Reflect  .     (no gloves)
SustAt .         Harm     .     (no boots)
MR     .....                    r - amulet of rage
Stlth  +.........               (no ring)
                                i - ring of positive energy

@: not resistant to hostile enchantments, very unstealthy
A: change form in water, swift swim
a: Evoke Berserk Rage


You were on level 1 of the Abyss.
You were not hungry.

You visited 1 branch of the dungeon, and saw 4 of its levels.
You visited the Abyss 1 time.

You collected 100 gold pieces.

Inventory:

Hand Weapons
 a - a +0 trident (weapon)
Missiles
 d - 3 throwing nets (quivered)
Armour
 b - a +0 leather armour (worn)
 s - a +1 helmet (worn)
Jewellery
 i - a ring of positive energy (left hand)
 r - an amulet of rage (around neck)
Wands
 q - a wand of heal wounds (0/9)
Scrolls
 c - a scroll of enchant armour {unknown}
 e - a scroll of teleportation {unknown}
 h - a scroll of blinking {unknown}
 k - 2 scrolls of enchant weapon {unknown}
 l - 7 scrolls of identify
 m - a scroll of recharging {unknown}
 n - 2 scrolls of random uselessness {unknown}
Potions
 p - a potion of flight {unknown}
Comestibles
 f - 4 bread rations
 g - 4 meat rations
 j - a chunk of flesh
 o - a beef jerky
 t - a slice of pizza


   Skills:
 - Level 2.1 Fighting
 + Level 10.3 Polearms
 - Level 2.0 Throwing
 - Level 4.0 Dodging


You had 5 spell levels left.
You didn't know any spells.

Dungeon Overview and Level Annotations

Branches:
Dungeon (4/15)
 Temple: D:4-7

Altars:

Annotations:
D:4 Blork the orc


Message History

* * * LOW HITPOINT WARNING * * *
You puncture the ogre!
The ogre is heavily wounded.
Blork the orc hits you from afar with a trident of distortion.
* * * LOW HITPOINT WARNING * * *
You are cast into the Abyss!
To return, you must find a gate leading back.
Welcome to the Abyss!
This branch contains the abyssal rune of Zot.
Found a fizzy dark potion.
p - a fizzy dark potion
There are no items here.
You start resting.
Some of the chunks of flesh in your inventory have rotted away.
A raiju comes into view.
The raiju barks!
Found a gateway leading deeper into the Abyss.
The raiju bursts into living lightning!
The living lightning hits you! x2
You die...

.# . # ..
.## # #[. .
.. #. .#
##.#####.##
#.#@...h..#
#..######.#
#.. . #.#.
>.#.. #..
#. # ..# #.
#. #.


You could see a raiju.

Vanquished Creatures
  Sigmund (D:2)
  A crimson imp (D:3)
  5 adders
  2 worms (D:2)
  3 giant geckos
  8 orcs (D:3)
  5 giant cockroaches
  6 hobgoblins
  12 jackals
  2 quokkas (D:2)
  3 ball pythons
  6 bats
  5 giant newts
  5 goblins
  13 kobolds
  14 rats
91 creatures vanquished.

Notes
Turn   | Place    | Note
--------------------------------------------------------------
     0 | D:1      | FIQ the Merfolk Gladiator began the quest for the Orb.
     0 | D:1      | Reached XP level 1. HP: 16/16 MP: 1/1
   260 | D:1      | Reached skill level 5 in Polearms
   264 | D:1      | Reached XP level 2. HP: 22/22 MP: 2/2
   624 | D:1      | Reached XP level 3. HP: 27/27 MP: 3/3
   650 | D:2      | Reached skill level 6 in Polearms
  1259 | D:2      | Reached XP level 4. HP: 33/33 MP: 4/4
  1276 | D:2      | Noticed Sigmund
  1289 | D:2      | Reached skill level 7 in Polearms
  1323 | D:2      | Killed Sigmund
  1323 | D:2      | Reached skill level 9 in Polearms
  1323 | D:2      | Reached XP level 5. HP: 30/38 MP: 5/5
  1323 | D:2      | Reached XP level 6. HP: 34/44 MP: 6/6
  1886 | D:3      | Reached skill level 10 in Polearms
  2572 | D:4      | Noticed Blork the orc
  2594 | D:4      | Cast into level 1 of the Abyss (Blork the orc)
  2768 | Abyss:1  | Noticed a raiju
  2770 | Abyss:1  | Killed from afar by a raiju

Vault maps used:
D:1:      evilmike_arrival_home_sweet_home, hangedman_decor_peaks_small
D:2:      uniq_sigmund
D:3:      first_bread
D:4:      uniq_blork_the_orc, uniq_pikel

Action                   |  1- 3 |  4- 6 || total
-------------------------+-------+-------++-------
Melee: Trident           |   136 |   223 ||   359
Evoke: Wand              |       |     1 ||     1
  Use: Potion            |       |     6 ||     6
       Scroll            |       |     1 ||     1
 Stab: Sleeping          |     2 |     2 ||     4
  Eat: Chunk             |       |     6 ||     6
